 Dungeon Crawl Stone Soup version 0.32-a0-928-g1cae6b7ea0 (webtiles) character file.

Game seed: 16251943432220527549

3020 jasper the Grappler (level 9, 0/88 HPs)
             Began as a Troll Fighter on Apr 12, 2024.
             Was a Believer of Wu Jian.
             Slain by a thrashing horror (5 damage)
             ... on level 2 of the Abyss.
             The game lasted 00:10:20 (4557 turns).

jasper the Grappler (Troll Fighter)                 Turns: 4557, Time: 00:10:21

Health: 0/88       AC: 10    Str: 26    XL:     9   Next: 55%
Magic:  8/8        EV: 10    Int:  4    God:    Wu Jian [**....]
Gold:   1374       SH: 11    Dex: 13    Spells: 8/8 levels left

rFire   . .          .
                       - Unarmed
rCold   . . .        b - +2 kite shield
rNeg    . . .        A - +2 steam dragon scales
rPois   .            (helmet restricted)
rElec   .            n - +0 cloak
rCorr   .            (gloves unavailable)
SInv    .            (boots unavailable)
Will    .....        (no amulet)
Stlth   +            (no ring)
HPRegen 1.14/turn    (no ring)
MPRegen 0.11/turn

%: no passive effects
@: about to teleport
A: large, unfitting armour, claws 3, regeneration 1, shaggy fur 1, tough skin 1
a: Renounce Religion, Wall Jump


You were on level 2 of the Abyss.
You worshipped Wu Jian.
Wu Jian was pleased with you.
You visited 2 branches of the dungeon, and saw 8 of its levels.
You visited the Abyss 1 time.
You also visited: Bailey.

You collected 1374 gold pieces.

Inventory:

Hand Weapons
 t - the +5 trident of Gallantry {venom, Int+3}
   (You found it on level 7 of the Dungeon)

   Int+3:     It affects your intelligence (+3).
Missiles
 e - 78 stones
 i - 22 boomerangs (quivered)
 p - 2 throwing nets
Armour
 a - a +0 robe
 b - a +2 kite shield (worn)
 g - a +2 robe of willpower
 j - +0 steam dragon scales
 n - a +0 cloak (worn)
 v - the +0 cloak of the Thief {Quiet Slay-3 SInv Stlth+}
   (You found it in a bailey)

   Quiet:     All noise in your surroundings is dampened.
   Slay-3:    It affects your accuracy & damage with ranged weapons and melee
   (-3).
   SInv:      It lets you see invisible.
   Stlth+:    It makes you more stealthy.
 z - a +0 tower shield
 A - +2 steam dragon scales (worn)
Jewellery
 f - a +6 ring of intelligence
 w - a +6 ring of intelligence
Wands
 l - a wand of polymorph (8)
 q - a wand of paralysis (10)
 s - a wand of warping (6)
 y - a wand of flame (8)
Scrolls
 h - 4 scrolls of enchant weapon
 k - a scroll of brand weapon
 r - 2 scrolls of teleportation
 x - a scroll of amnesia
 B - a scroll of identify
Potions
 c - 3 potions of mutation
 d - a potion of brilliance
 m - a potion of ambrosia
 o - 7 potions of enlightenment
 u - a potion of haste {unknown}
 C - a potion of lignification {unknown}
 D - a potion of might
 E - a potion of degeneration {unknown}
 F - a potion of resistance {unknown}


   Skills:
 + Level 5.5 Fighting
 + Level 5.6 Dodging
 + Level 6.1 Shields
 * Level 8.7 Unarmed Combat


You had 8 spell levels left.
You didn't know any spells.
Your spell library contained the following spells:

 Spells                   Type           Power      Damage    Failure   Level
 Necrotise                Necr           0%         1d4       71%         1
 Cigotuvi's Dreadful Rot  Necr/Alch/Air  0%         N/A       85%         2
 Lesser Beckoning         Tloc           0%         N/A       85%         2
 Inner Flame              Hex/Fire       0%         N/A       97%         3
 Maxwell's Portable Pile  Tloc           0%         2d(5-13)  97%         3
 Teleport Other           Tloc           0%         N/A       97%         3
 Vampiric Draining        Necr           0%         2d6       97%         3
 Flame Wave               Conj/Fire      0%         2d4       100%        4
 Ignite Poison            Fire/Alch      0%         N/A       100%        4
 Martyr's Knell           Necr/Summ      0%         N/A       100%        4
 Sticky Flame             Fire/Alch      0%         2d4       100%        4
 Arcjolt                  Conj/Air       0%         1d10      100%        5
 Curse of Agony           Necr           0%         N/A       100%        5
 Freezing Cloud           Conj/Ice/Air   0%         6-21      100%        5
 Maxwell's Capacitive Co  Air            0%         ∞         100%        8


Dungeon Overview and Level Annotations

Branches:
Dungeon (7/15)             Temple (1/1) D:4          Bailey (visited)

Altars:
Ashenzari
Cheibriados
Dithmenos
Elyvilon
Fedhas
Gozag
Kikubaaqudgha
Makhleb
Nemelex Xobeh
Okawaru
Qazlal
Ru
Sif Muna
Trog
Uskayaw
Vehumet
Wu Jian
Xom
Yredelemnul
Zin

Annotations:
D:5 Blork the orc, Pikel
Temple 2 transporters


Innate Abilities, Weirdness & Mutations

You are too large for most types of armour.
You have claws for hands.
Your natural rate of healing is unusually fast.
You are covered in fur. (AC +1)
You have tough skin. (AC +1)


Message History

You block the raiju's attack.
A raiju comes into view.
The raiju bursts into living lightning!
The living lightning hits you.
The raiju blinks!
The raiju moves out of view.
Okay, then.
As you read the scroll of teleportation, it crumbles to dust.
You feel strangely unstable.
You feel the power of the Abyss delaying your translocation!
You block the raiju's attack.
You block the thrashing horror's attack.
The thrashing horror closely misses you.
The raiju bites you but does no damage.
You spin and attack the raiju.
You claw the raiju!
The raiju is heavily wounded.
You spin and attack the raiju.
You miss the raiju.
The raiju is almost dead.
The thrashing horror closely misses you.
You block the thrashing horror's attack.
You block the raiju's attack. x2
You spin and attack the thrashing horror.
You closely miss the thrashing horror.
You spin and attack the raiju.
You miss the raiju.
The raiju is heavily wounded.
You block the thrashing horror's attack. x3
The thrashing horror tramples you but does no damage.
The raiju bursts into living lightning!
The living lightning hits you!!
* * * LOW HITPOINT WARNING * * *
The raiju blinks! x2
The raiju bursts into living lightning!
The living lightning hits the raiju.
The raiju completely resists.
The living lightning hits you!
* * * LOW HITPOINT WARNING * * *
The raiju blinks!
The raiju barely misses you.
You take 28 damage, and have 4/88 hp.
MASSIVE DAMAGE!!
Okay, then.
The thrashing horror attacks as it pursues you!
You block the thrashing horror's attack.
The thrashing horror tramples you.
You die...

.. .. ##....# . .#..
...... ##..#.
#..#.........
#..#.##..#....#. .h. .
...... ..#..~..#... ..
. #..##. #......#..#.#
..#. ..#####....#..# .
... . #...###@...#
...#...###.#..hX###.#..
....... ...##..h.....#
...#...######.§h.....#
..#.#### #.#..##....# .
§.# #..###X.##..# .###
... ... #. .# ..#§ .##
### ...# ..


You could see a thrashing horror and 4 raiju.

Vanquished Creatures
  Maggie (D:6)
  Sigmund (D:2)
  2 steam dragons
  Edmund (D:6)
  Duvessa (D:4)
  A water moccasin (D:6)
  6 orc warriors (Bailey)
  An ice beast (D:7)
  4 ogres
  A centaur (D:6)
  4 lemures (D:5)
  A kobold brigand (D:6)
  2 scorpions
  Dowan (D:4)
  A howler monkey (D:5)
  2 bombardier beetles (D:5)
  3 hounds
  3 jellies
  An orc priest (D:7)
  Crazy Yiuf (D:2)
  2 iguanas (D:4)
  2 orc wizards (D:5)
  6 adders
  3 white imps
  4 ufetubi
  2 ribbon worms (D:3)
  5 dart slugs
  20 orcs
  2 bats (D:1)
  12 endoplasms
  11 goblins
  8 hobgoblins
  4 jackals
  2 quokkas
  2 training dummies (D:4)
  5 ball pythons
  33 kobolds
  2 rats
163 creatures vanquished.

Notes
Turn   | Place    | Note
-------+----------+-------------------------------------------
     0 | D:1      | jasper the Troll Fighter began the quest for the Orb.
     0 | D:1      | Reached XP level 1. HP: 22/22 MP: 0/0
   159 | D:1      | Reached XP level 2. HP: 29/29 MP: 1/1
   624 | D:2      | Noticed Sigmund
   633 | D:2      | Killed Sigmund
   634 | D:2      | Reached skill level 3 in Unarmed Combat
   634 | D:2      | Reached XP level 3. HP: 34/37 MP: 2/2
   634 | D:2      | Reached XP level 4. HP: 41/45 MP: 3/3
   634 | D:2      | Reached XP level 5. HP: 48/53 MP: 4/4
   782 | D:2      | Found a runed translucent door.
   783 | D:2      | Noticed Crazy Yiuf
   982 | D:2      | Reached skill level 4 in Unarmed Combat
  1392 | D:2      | Killed Crazy Yiuf
  1513 | D:3      | Found a sparkling altar of Nemelex Xobeh.
  1577 | D:3      | Found a white marble altar of Elyvilon.
  1638 | D:3      | Noticed an ogre
  1647 | D:3      | Killed an ogre
  1648 | D:3      | Reached XP level 6. HP: 61/61 MP: 5/5
  2291 | D:3      | Identified a scroll of acquirement
  2291 | D:3      | Acquired 765 gold pieces
  2357 | D:4      | Reached skill level 5 in Unarmed Combat
  2424 | D:4      | Found a staircase to the Ecumenical Temple.
  2433 | D:4      | Reached XP level 7. HP: 57/68 MP: 6/6
  2442 | Temple   | Found a transporter.
  2442 | Temple   | Found a transporter.
  2442 | Temple   | Found a transporter.
  2442 | Temple   | Found a transporter.
  2442 | Temple   | Entered the Ecumenical Temple
  2463 | Temple   | Became a worshipper of the Wu Jian Council
  2767 | D:4      | Noticed Duvessa
  2767 | D:4      | Noticed Dowan
  2780 | D:4      | Killed Duvessa
  2805 | D:4      | Killed Dowan
  2918 | D:4      | You fall into a shaft and drop 3 floors!
  2934 | D:7      | Noticed a steam dragon
  2948 | D:7      | Killed a steam dragon
  2949 | D:7      | Reached skill level 6 in Unarmed Combat
  2949 | D:7      | Reached XP level 8. HP: 35/78 MP: 7/7
  3049 | D:7      | Reached * piety under Wu Jian
  3123 | D:7      | Identified the +5 trident of Gallantry {venom, Int+3}
  3125 | D:7      | Found a flagged portal.
  3148 | Bailey   | Entered a bailey
  3242 | Bailey   | Reached skill level 5 in Shields
  3257 | Bailey   | Found the +0 cloak of the Thief {Quiet Slay-3 SInv Stlth+}
  3336 | Bailey   | Reached skill level 7 in Unarmed Combat
  3342 | Bailey   | Reached ** piety under Wu Jian
  3615 | D:6      | Noticed Edmund
  3634 | D:6      | Reached skill level 5 in Dodging
  3638 | D:6      | Reached skill level 5 in Fighting
  3638 | D:6      | Reached XP level 9. HP: 28/88 MP: 8/8
  3643 | D:6      | Killed Edmund
  3750 | D:5      | Entered Level 5 of the Dungeon
  3750 | D:5      | Found a burning altar of Makhleb.
  3750 | D:5      | Found a snail-covered altar of Cheibriados.
  3750 | D:5      | Found an ancient bone altar of Kikubaaqudgha.
  3750 | D:5      | Found a shimmering blue altar of Sif Muna.
  3759 | D:6      | Noticed Maggie
  3764 | D:6      | Reached skill level 8 in Unarmed Combat
  3767 | D:6      | Paralysed by Maggie for 2 turns
  3776 | D:6      | Killed Maggie
  4083 | D:4      | Found a blossoming altar of Fedhas.
  4112 | D:4      | Found a glowing silver altar of Zin.
  4345 | D:5      | Found a broken altar of Ashenzari.
  4430 | D:5      | Noticed Blork the orc
  4461 | D:5      | Noticed Pikel
  4471 | D:5      | Paralysed by Pikel for 2 turns
  4475 | D:5      | Paralysed by Pikel for 5 turns
  4477 | Abyss:2  | Cast into level 2 of the Abyss (Blork the orc)
  4549 | Abyss:2  | Noticed a thrashing horror
  4553 | Abyss:2  | Noticed a thrashing horror
  4556 | Abyss:2  | HP: 4/88 [raiju/living lightning (11)]
  4557 | Abyss:2  | Slain by a thrashing horror

Illustrated notes

Levels and vault maps discovered:
D:1:      minmay_arrival_nine_rooms, layout_basic
D:2:      layout_basic, uniq_crazy_yiuf_cottage, uniq_sigmund
D:3:      cheibrodos_fertilizer, layout_basic, amcnicky_altar_gilded,
          elyvilon_altar_5
D:4:      dreamdust_elfheim, layout_gridville, overflow_temple_1_default,
          fedhas_altar_1, minmay_temple_entry_grid
D:5:      layout_rooms, nicolae_ashenzari_skybound,
          nicolae_overflow_hidden_temple, uniq_blork_the_orc, uniq_pikel
D:6:      layout_basic, uniq_maggie, uniq_edmund
D:7:      layout_cave_pools, enter_bailey_3, serial_bayou, serial_bayou_pond_d,
          serial_bayou_pond_a, serial_bayou_pond_a, serial_bayou_shore_b,
          dreamdust_princess_corridor
Temple:   hellmonk_temple_divided_pantheon
Abyss:2:  base: D:5, minivault_25, serial_sigils_hangedman_snap

Skill      XL: |  1  2  3  4  5  6  7  8  9 |
---------------+----------------------------+-----
Fighting       | 3 4 5 |  5.5
Dodging        | 3 4 5 |  5.6
Shields        | 3 4 5 6 |  6.1
Unarmed Combat | 3 4 5 6 7 8 |  8.7

Action                     |  1- 3 |  4- 6 |  7- 9 || total
---------------------------+-------+-------+-------++-------
  Melee: Unarmed           |    50 |   112 |   338 ||   500
  Throw: Stone             |     3 |     2 |       ||     5
         Boomerang         |       |    23 |    22 ||    45
Ability: Lunge             |       |       |    31 ||    31
         Whirlwind         |       |       |    82 ||    82
         Wall Jump         |       |       |     1 ||     1
  Evoke: Wand              |       |     5 |     1 ||     6
    Use: Scroll            |     4 |     6 |     2 ||    12
         Potion            |     2 |       |     1 ||     3
   Stab: Sleeping          |     1 |       |     1 ||     2
         Distracted        |       |     1 |       ||     1
 Armour: Robe              |    23 |    64 |    29 ||   116
         Steam dragon scal |       |       |   133 ||   133
  Dodge: Dodged            |    16 |    29 |    81 ||   126
  Block: Kite shield       |    26 |    68 |   157 ||   251

Table legend: (Time is in decaauts)
 A = Elapsed time spent in this place.
 B = Non-inter-level travel time spent in this place.
 C = Inter-level travel time spent in this place.
 D = Time resting spent in this place.
 E = Time spent auto-exploring this place.
 F = Levels seen in this place.
 G = Mean time per level.
                   A        B        C        D        E       F      G
               +--------+--------+--------+--------+--------+-----+--------+
         Total |   4581 |   4490 |     91 |     62 |   3007 |  10 |  458.1 |
       Dungeon |   4075 |   3998 |     77 |     15 |   2833 |   7 |  582.1 |
        Temple |     37 |     23 |     14 |      0 |      0 |   1 |   37.0 |
         Abyss |     80 |     80 |      0 |     47 |     10 |   1 |   80.0 |
        Bailey |    387 |    387 |      0 |      0 |    164 |   1 |  387.0 |
               +--------+--------+--------+--------+--------+-----+--------+

Top non-repeatable levels by time:
     D:3: 896 daAuts
     D:2: 884 daAuts
     D:4: 728 daAuts
     D:1: 549 daAuts
     D:6: 402 daAuts
  Bailey: 387 daAuts
     D:7: 313 daAuts
     D:5: 300 daAuts
 Abyss:2: 80 daAuts
  Temple: 37 daAuts
